 Dungeon Crawl Stone Soup version 0.29-a0-82-g837932c90e (webtiles) character file.

Game seed: 15292617414107054821

182 fragbeetle the Chopper (level 5, -1/46 HPs)
             Began as a Hill Orc Cinder Acolyte on Feb 4, 2022.
             Was a High Priest of Ignis.
             Slain by a hobgoblin zombie (2 damage)
             ... in an ossuary.
             The game lasted 00:07:12 (3972 turns).

fragbeetle the Chopper (Hill Orc Cinder Acolyte)    Turns: 3972, Time: 00:07:13

Health: -1/46      AC:  5    Str: 19    XL:     5   Next: 62%
Magic:  7/7        EV: 10    Int: 18    God:    Ignis [*****.]
Gold:   116        SH:  0    Dex:  6    Spells: 5/7 levels left

rFire   + . .      SeeInvis .   v - +7 dagger of Propriety {vorpal, Will- Int+4}
rCold   . . .      Faith    .   (no shield)
rNeg    . . .      Spirit   .   m - +0 ring mail
rPois   .          Reflect  .   (no helmet)
rElec   .          Harm     .   (no cloak)
rCorr   .          Rampage  .   (no gloves)
Will    .....                   (no boots)
Stlth   ..........              (no amulet)
HPRegen 0.15/turn               (no ring)
MPRegen 0.10/turn               (no ring)

@: no status effects
A: no striking features
a: Renounce Religion, Fiery Armour, Foxfire Swarm, Rising Flame


You were in an ossuary.
You worshipped Ignis.
Ignis was extremely pleased with you.
You visited 1 branch of the dungeon, and saw 4 of its levels.
You also visited: Ossuary.

You collected 116 gold pieces.

Inventory:

Hand Weapons
 a - a -1 hand axe of flaming
 l - a +1 dagger of protection
 n - the +8 spear of Ededung {vorpal, *Rage Fly Will++ Str-5}
   (You found it on level 2 of the Dungeon)

   It inflicts extra damage upon your enemies.
   Str:       It affects your strength (-5).
   Fly:       It grants you flight.
   *Rage:     It berserks you when you make melee attacks (+20% chance).
   Will:      It greatly increases your willpower.
 s - a +1 hand axe of freezing
 v - the +7 dagger of Propriety (weapon) {vorpal, Will- Int+4}
   (You found it on level 3 of the Dungeon)

   It inflicts extra damage upon your enemies.
   Int:       It affects your intelligence (+4).
   Will:      It decreases your willpower.
 y - a +1 trident of distortion
Missiles
 h - 14 sling bullets
 k - 4 boomerangs
 t - 3 javelins
Armour
 b - a +0 robe
 m - a +0 ring mail (worn)
Magical Staves
 p - a staff of fire
Wands
 w - a wand of iceblast (9)
Scrolls
 c - 2 scrolls of teleportation {unknown}
 d - 2 scrolls of noise {unknown}
 f - 3 scrolls of identify {unknown}
 o - a scroll of blinking {unknown}
 q - a scroll of fog {unknown}
 r - 2 scrolls of fear {unknown}
 u - a scroll of amnesia {unknown}
Potions
 e - a potion of attraction {unknown}
 g - 2 potions of haste {unknown}
 i - a potion of experience {unknown}
 j - 3 potions of might {unknown}
 x - a potion of heal wounds {unknown}
 z - a potion of lignification {unknown}


   Skills:
 - Level 4.0 Fighting
 * Level 5.8 Axes
 + Level 1.8 Spellcasting
 * Level 4.9 Fire Magic


You had 5 spell levels left.
You knew the following spells:

 Your Spells              Type           Power      Damage    Failure   Level
a - Scorch                Fire           38%        2d6       6%          2

Your spell library contained the following spells:

 Spells                   Type           Power      Damage    Failure   Level
 Shock                    Conj/Air       4%         1d3       32%         1
 Gell's Gravitas          Tloc           1%         N/A       67%         3
 Lesser Beckoning         Tloc           1%         N/A       67%         3
 Swiftness                Air            1%         N/A       67%         3
 Teleport Other           Tloc           1%         N/A       67%         3
 Airstrike                Air            0%         N/A       97%         4


Dungeon Overview and Level Annotations

Branches:
Dungeon (4/15)            Ossuary (1/1)
 Temple: D:4-7

Altars:

Shops:
D:2 :


Message History

You destroy the mummy!
You start resting.
HP restored. 2 mummies come into view.
A hobgoblin zombie comes into view.
You hit the mummy.
The mummy is lightly damaged.
The mummy hits you!
You barely miss the mummy.
The mummy is lightly damaged.
You hit the mummy.
The mummy is heavily damaged.
The mummy misses you.
You barely miss the mummy.
The mummy is heavily damaged.
You barely miss the mummy.
The mummy is heavily damaged.
The hobgoblin zombie closely misses you.
The mummy closely misses you. The mummy barely misses you.
You hit the mummy but do no damage.
The mummy is heavily damaged.
The hobgoblin zombie hits you. The mummy closely misses you.
You puncture the mummy!
You destroy the mummy!
The mummy hits you. The hobgoblin zombie barely misses you.
You hit the mummy.
The mummy is moderately damaged.
The mummy hits you.
You puncture the mummy!
The mummy is severely damaged.
The hobgoblin zombie hits you.
You barely miss the mummy.
The mummy is severely damaged.
The hobgoblin zombie hits you but does no damage.
The mummy hits you!!
* * * LOW HITPOINT WARNING * * *
You barely miss the mummy.
The mummy is severely damaged.
The hobgoblin zombie hits you.
You die...

Z..........
........#
......#
#....#
#....#
#....#
#....#
#M.Z.#
#.@..#
#....#
#....#
#.∩∩.#
######


You could see a mummy and a hobgoblin zombie.

Vanquished Creatures
  An orc priest (D:3)
  3 mummies (Ossuary)
  3 adders
  3 worms
  A dart slug (D:3)
  3 orcs (D:3)
  5 bats
  4 endoplasms
  2 giant cockroaches (D:1)
  2 gnoll zombies (Ossuary)
  9 goblins
  7 hobgoblins
  4 jackals (D:1)
  4 kobolds
  3 quokkas (D:1)
  4 ball pythons
  6 frilled lizards
  2 hobgoblin zombies (Ossuary)
  2 kobold zombies (Ossuary)
  An orc zombie (Ossuary)
  4 rats
73 creatures vanquished.

Notes
Turn   | Place    | Note
-------+----------+-------------------------------------------
     0 | D:1      | fragbeetle the Hill Orc Cinder Acolyte began the quest for
                  | the Orb.
     0 | D:1      | Reached XP level 1. HP: 19/19 MP: 2/2
   166 | D:1      | Reached XP level 2. HP: 19/27 MP: 3/3
   169 | D:1      | Learned a level 2 spell: Scorch
  1256 | D:1      | Reached XP level 3. HP: 33/33 MP: 4/4
  1497 | D:1      | Found a faded altar of an unknown god.
  2301 | D:2      | Identified the +8 spear of Ededung {vorpal, *Rage Fly
                  | Will++ Str-5}
  2592 | D:2      | Reached XP level 4. HP: 40/40 MP: 6/6
  2678 | D:2      | Reached skill level 5 in Axes
  2838 | D:2      | Found Deebb's Book Boutique.
  3232 | D:3      | Reached XP level 5. HP: 31/46 MP: 7/7
  3668 | D:3      | Identified the +7 dagger of Propriety {vorpal, Will- Int+4}
  3754 | D:4      | Found a sand-covered staircase.
  3759 | Ossuary  | Entered an ossuary
  3971 | Ossuary  | HP: 1/46 [mummy (18)]
  3972 | Ossuary  | Slain by a hobgoblin zombie

Illustrated notes

Levels and vault maps discovered:
D:1:      lemuel_arrival_rhombus, layout_basic,
          hellmonk_ecumenical_altar_dog_temple, minmay_misc_feat_five
D:2:      layout_loops_ring, serial_shops, nicolae_shop_advertising_works
          [nicolae_subvault_shop_adworks]
D:3:      layout_basic
D:4:      layout_loops_ring, led_xom_imps,
          nicolae_ossuary_entry_false_entrances, minmay_rat_hole
Ossuary:  ossuary_tomb_3

Skill      XL: |  1  2  3  4 |
---------------+-------------+-----
Fighting       | 4 |  4.0
Fire Magic     | 4 |  4.9
Axes           | 5 |  5.8
Spellcasting   | |  1.8

Action                   |  1- 3 |  4- 6 || total
-------------------------+-------+-------++-------
Melee: Hand axe          |   135 |    12 ||   147
       Spear             |     6 |    41 ||    47
       Dagger            |       |    31 ||    31
 Cast: Scorch            |     4 |     1 ||     5
Armor: Robe              |    26 |       ||    26
       Ring mail         |       |    23 ||    23
Dodge: Dodged            |    73 |    49 ||   122

Table legend: (Time is in decaauts)
 A = Elapsed time spent in this place.
 B = Non-inter-level travel time spent in this place.
 C = Inter-level travel time spent in this place.
 D = Time resting spent in this place.
 E = Time spent auto-exploring this place.
 F = Levels seen in this place.
 G = Mean time per level.
                   A        B        C        D        E       F      G
               +--------+--------+--------+--------+--------+-----+--------+
         Total |   4032 |   3947 |     85 |    529 |   2766 |   5 |  806.4 |
       Dungeon |   3819 |   3734 |     85 |    390 |   2766 |   4 |  954.8 |
       Ossuary |    212 |    212 |      0 |    139 |      0 |   1 |  212.0 |
               +--------+--------+--------+--------+--------+-----+--------+

Top non-repeatable levels by time:
     D:1: 1974 daAuts
     D:2: 1010 daAuts
     D:3: 767 daAuts
 Ossuary: 212 daAuts
     D:4: 66 daAuts
